 Dungeon Crawl Stone Soup version 0.18-a0-1229-ge9a1a01 (webtiles) character file.

3192 ololoev the Destroyer (level 9, -7/49 HPs)
             Began as a Deep Elf Fire Elementalist on Feb 4, 2016.
             Was a Follower of Sif Muna.
             Mangled by an orc warrior
             ... wielding a +0 flail
              (23 damage)
             ... on level 1 of the Orcish Mines.
             The game lasted 00:30:46 (3985 turns).

ololoev the Destroyer (Deep Elf Fire Elementalist)  Turns: 3985, Time: 00:30:46

Health: -7/49      AC: 10    Str:  7      XL:     9   Next: 64%
Magic:  6/20       EV: 15    Int: 28      God:    Sif Muna [*.....]
Gold:   308        SH:  0    Dex: 18 (19) Spells: 5 memorised, 7 levels left

rFire  + . .     SeeInvis .     t - +2 short sword (venom)
rCold  x . .     Gourm    .     a - +0 robe
rNeg   . . .     Faith    .     (no shield)
rPois  +         Spirit   .     (no helmet)
rElec  +         Dismiss  .     l - +1 cloak
rCorr  .         Reflect  .     r - +0 pair of gloves (curse)
SustAt .         Harm     .     q - +0 pair of boots
MR     .....                    m - amulet of Ukhlok {rPois rC- Regen+ Int+4 Dex+4}
Stlth  ++........               (no ring)
                                (no ring)

@: very slightly contaminated, not resistant to hostile enchantments, unstealthy
A: iridescent scales 1, deterioration 1, fire resistance 1, low mp 1,
electricity resistance, strong 1
a: Channel Energy, Renounce Religion


Innate Abilities, Weirdness & Mutations

You are partially covered in iridescent scales (AC +4).
Your body sometimes deteriorates upon taking damage.
Your flesh is heat resistant.
Your magical capacity is low (-10% MP).
You are resistant to electric shocks.
Your muscles are strong. (Str +2)

Inventory:

Hand Weapons
 t - a +2 short sword of venom (weapon)
Missiles
 z - 6 poisoned javelins (quivered)
Armour
 a - a +0 robe (worn)
 l - a +1 cloak (worn)
 q - a +0 pair of boots (worn)
 r - a cursed +0 pair of gloves (worn)
Jewellery
 m - the amulet of Ukhlok (around neck) {rPois rC- Regen+ Int+4 Dex+4}
   (You found it on level 5 of the Dungeon)

   [amulet of regeneration]

   It affects your intelligence (+4).
   It affects your dexterity (+4).
   It makes you vulnerable to cold.
   It protects you from poison.
   It increases your rate of regeneration.
 E - a +4 amulet of reflection
Wands
 s - a wand of enslavement (16/24)
Scrolls
 f - 2 scrolls of magic mapping {unknown}
 i - a scroll of fog {unknown}
 j - a scroll of remove curse {unknown}
 k - a scroll of blinking
 n - 3 scrolls of enchant weapon {unknown}
 p - a scroll of fear {unknown}
 u - a scroll of amnesia {unknown}
 v - 3 scrolls of teleportation
 y - a scroll of immolation {unknown}
 C - a scroll of recharging {unknown}
Potions
 e - a potion of heal wounds {unknown}
 h - 3 potions of curing
 o - a potion of ambrosia {unknown}
 w - a potion of flight {unknown}
 x - a potion of lignification
 B - 3 potions of agility
 D - a potion of berserk rage {unknown}
Comestibles
 b - 3 chunks of flesh
 c - 6 bread rations
 d - 3 meat rations
 g - 6 beef jerkies
 A - 8 slices of pizza


   Skills:
 - Level 2.4 Fighting
 - Level 4.2 Dodging
 - Level 2.4 Stealth
 + Level 7.9 Spellcasting
 * Level 9.2 Conjurations
 * Level 8.3 Fire Magic
 * Level 4.1 Invocations


You had 7 spell levels left.
You knew the following spells:

 Your Spells              Type           Power        Failure   Level  Hunger
a - Flame Tongue          Conj/Fire      #####        1%          1    None
b - Conjure Flame         Conj/Fire      ######..     1%          3    None
c - Sticky Flame          Conj/Fire      ######..     1%          4    ##.....
d - Fireball              Conj/Fire      ######....   4%          5    ####...
e - Inner Flame           Hex/Fire       ####....     2%          3    None


You were on level 1 of the Orcish Mines.
You worshipped Sif Muna.
Sif Muna was aware of your devotion.
You were hungry.

You visited 3 branches of the dungeon, and saw 11 of its levels.

You collected 308 gold pieces.

#.....#.#..#
.......#..#
#..o.o.##
####......#
##....###..###
##...o## ##...##
#.....## #.....#
###...o####..#.#
###.o@.#.o## #
#....<..#
#.#...###
####..# #..#
#.## ###

Notes
Turn   | Place    | Note
--------------------------------------------------------------
     0 | D:1      | ololoev the Deep Elf Fire Elementalist began the quest for the Orb.
     0 | D:1      | Reached XP level 1. HP: 10/10 MP: 6/6
   114 | D:3      | Noticed a worker ant
   116 | D:3      | Killed a worker ant
   116 | D:3      | Reached XP level 2. HP: 15/15 MP: 2/8
   116 | D:3      | Reached XP level 3. HP: 19/19 MP: 2/9
   125 | D:3      | Learned a level 3 spell: Conjure Flame
   129 | D:3      | Learned a level 3 spell: Inner Flame
   239 | D:2      | Found a basalt altar of Yredelemnul.
   412 | D:2      | Found a sparkling altar of Nemelex Xobeh.
   654 | D:3      | Found an iron altar of Okawaru.
   664 | D:3      | Reached XP level 4. HP: 24/24 MP: 7/11
   735 | D:3      | Reached skill level 4 in Spellcasting
   817 | D:5      | Entered Level 5 of the Dungeon
   821 | D:4      | Found a shattered altar of Ashenzari.
   912 | D:4      | Reached XP level 5. HP: 28/28 MP: 5/13
  1003 | D:4      | Noticed an ogre
  1021 | D:4      | Killed an ogre
  1070 | D:4      | Found Ofiham's Book Boutique.
  1082 | D:4      | Reached XP level 6. HP: 24/32 MP: 4/15
  1088 | D:4      | Learned a level 4 spell: Sticky Flame
  1114 | D:3      | Found an opulent altar of Gozag.
  1114 | D:3      | Found a sparkling altar of Nemelex Xobeh.
  1114 | D:3      | Found a glowing silver altar of Zin.
  1114 | D:3      | Found a blossoming altar of Fedhas.
  1117 | D:3      | Reached skill level 5 in Conjurations
  1140 | D:4      | Found a white marble altar of Elyvilon.
  1190 | D:4      | Found a sacrificial altar of Ru.
  1529 | D:5      | Noticed Grinder
  1552 | D:5      | Killed Grinder
  1552 | D:5      | Reached skill level 5 in Spellcasting
  1552 | D:5      | Reached skill level 6 in Conjurations
  1552 | D:5      | Reached skill level 5 in Fire Magic
  1552 | D:5      | Reached XP level 7. HP: 19/36 MP: 8/17
  1689 | D:5      | Found a snail-covered altar of Cheibriados.
  1737 | D:5      | Got a serpentine pewter amulet
  1738 | D:5      | Identified the amulet of Ukhlok {rPois rC- Regen+ Int+4 Dex+4} (You found it on level 5 of the Dungeon)
  1798 | D:5      | Learned a level 5 spell: Fireball
  2250 | D:6      | Gained mutation: Your muscles are strong. (Str +2) [mutagenic meat]
  2251 | D:6      | Gained mutation: Your flesh is heat resistant. [mutagenic meat]
  2252 | D:6      | Gained mutation: Your magical capacity is low (-10% MP). [mutagenic meat]
  2253 | D:6      | Gained mutation: You are resistant to electric shocks. [mutagenic meat]
  2431 | D:6      | Reached skill level 1 in Fighting
  2660 | D:6      | Reached skill level 7 in Conjurations
  2660 | D:6      | Reached XP level 8. HP: 43/43 MP: 14/17
  2725 | D:7      | Found a shimmering altar of Xom.
  2931 | D:7      | Reached skill level 8 in Conjurations
  3223 | D:7      | Found a staircase to the Ecumenical Temple.
  3234 | Temple   | Entered the Ecumenical Temple
  3240 | Temple   | Became a worshipper of Sif Muna the Loreminder
  3375 | D:8      | Reached skill level 1 in Invocations
  3437 | D:8      | Reached XP level 9. HP: 49/49 MP: 12/19
  3441 | D:8      | Gained mutation: Your body sometimes deteriorates upon taking damage. [mutagenic meat]
  3443 | D:8      | Gained mutation: You have a pair of small horns on your head. [mutagenic meat]
  3445 | D:8      | Lost mutation: You have a pair of small horns on your head. [mutagenic meat]
  3446 | D:8      | Gained mutation: You are partially covered in iridescent scales (AC +4). [mutagenic meat]
  3701 | D:8      | Noticed a deep elf mage
  3705 | D:8      | Killed a deep elf mage
  3705 | D:8      | Reached * piety under Sif Muna
  3712 | D:8      | Found Kaycvuh's Antique Armour Emporium.
  3818 | D:8      | Reached skill level 9 in Conjurations
  3952 | D:9      | Found a staircase to the Orcish Mines.
  3967 | Orc:1    | Entered Level 1 of the Orcish Mines
  3985 | Orc:1    | Mangled by an orc warrior

Dungeon Overview and Level Annotations

Branches:
Dungeon (9/15)             Temple (1/1) D:7             Orc (1/2) D:9
   Lair: D:8-11

Altars:
Ashenzari
Cheibriados
Elyvilon
Fedhas
Gozag
Kikubaaqudgha
Makhleb
Nemelex Xobeh
Okawaru
Pakellas
Qazlal
Ru
Sif Muna
Trog
Xom
Yredelemnul
Zin
The Shining One

Shops:
D:4 :   D:8 [


Message History

The warg burns!
The warg stops burning.
The warg bites you!
Casting: Sticky Flame
Confirm with . or Enter, or press ? or * to list all spells.
Aiming: Sticky Flame
Press: ? - help, Shift-Dir - straight line, f/p - warg
Aim: a warg (severely wounded)
The sticky flame hits the warg.
The warg is almost dead.
The warg is covered in liquid flames!
The orc priest shouts!
The warg burns!
You kill the warg!
Casting: Sticky Flame
Confirm with . or Enter, or press ? or * to list all spells.
Aiming: Sticky Flame
Press: ? - help, Shift-Dir - straight line, f - orc warrior
Aim: an orc warrior, wielding a flail and wearing a plate armour You miscast Sticky Flame.
You are very lightly contaminated with residual magic.
Your skin tingles.
The orc priest invokes the aid of Beogh against you.
Something smites you!
An orc comes into view.
Casting: Sticky Flame
Confirm with . or Enter, or press ? or * to list all spells.
Aiming: Sticky Flame
Press: ? - help, Shift-Dir - straight line, f/p - orc warrior
Aim: an orc warrior, wielding a flail and wearing a plate armour The sticky flame hits the orc warrior.
The orc warrior is lightly wounded.
The orc warrior is covered in liquid flames!
You are feeling hungry.
The orc warrior burns!
The orc warrior hits you with a flail!
The orc warrior burns!
The orc barely misses you.
The orc warrior burns!
The orc hits you with a club.
Your body deteriorates!
You feel clumsy.
Drink which item? (? for menu, Esc to quit)
You feel better.
The orc warrior burns!
The orc warrior hits you with a flail!!
You die...

You could see an orc warrior (burning), an orc priest and an orc.

Vanquished Creatures
  A deep elf mage (D:8)
  Grinder (D:5)
  A yak (D:7)
  A hog (D:7)
  A human (D:7)
  A hippogriff (D:8)
  A soldier ant (D:8)
  A warg (Orc:1)
  2 sky beasts
  A phantom (D:7)
  3 ogres
  2 ice beasts
  A centaur (D:7)
  3 giant frogs
  A water moccasin zombie (D:8)
  An electric eel (D:6)
  3 crimson imps
  2 jellies (D:6)
  2 giant frog zombies
  An orc wizard (D:5)
  A centaur skeleton (D:4)
  An iron imp (D:5)
  7 worker ants
  2 sheep (D:7)
  A worker ant zombie (D:9)
  8 adders
  7 gnolls (D:4)
  2 shadow imps
  An adder zombie (D:6)
  5 worms
  4 giant geckos
  18 orcs
  2 giant cockroaches
  2 goblins (D:2)
  5 hobgoblins
  9 jackals
  3 quokkas
  7 bats
  A giant cockroach zombie (D:4)
  3 giant newts
  2 kobolds (D:2)
  5 rats (D:2)
126 creatures vanquished.

Vanquished Creatures (others)
  7 fungi (D:6)
7 creatures vanquished.

Grand Total: 133 creatures vanquished

Action                   |  1- 3 |  4- 6 |  7- 9 || total
-------------------------+-------+-------+-------++-------
Melee: Unarmed           |     2 |       |       ||     2
       Dagger            |    12 |    13 |       ||    25
       Short sword       |       |    31 |    86 ||   117
Throw: Javelin           |       |       |    20 ||    20
 Cast: Flame Tongue      |    38 |    53 |    98 ||   189
       Conjure Flame     |       |     6 |     4 ||    10
       Inner Flame       |       |     4 |     1 ||     5
       Sticky Flame      |       |     2 |    16 ||    18
       Fireball          |       |       |     8 ||     8
Invok: Channel Energy    |       |       |    17 ||    17
  Use: Scroll            |       |     5 |     4 ||     9
       Potion            |       |     1 |     4 ||     5
 Stab: Sleeping          |     3 |     1 |       ||     4
       Invisible         |       |       |     2 ||     2
       Distracted        |       |       |     1 ||     1
  Eat: Chunk             |       |     3 |    21 ||    24
       Royal jelly       |       |       |     1 ||     1

Vault maps used:
D:1:      lemuel_arrival_river_passageway, minmay_misc_feat_room,
          xom_teletrap_fun
D:2:      yredelemnul_altar_generic, nemelex_spade_bored_becter
D:3:      nicolae_overflow_crystal_walls, nicolae_overflow_hidden_temple,
          first_bread
D:4:      kennysheep_mini_moat, nicolae_ru_awakened_eye, ashenzari_altar_1,
          serial_shops, nicolae_shop_temple_entry_statues_fountains
D:5:      slow_altar_1, minmay_misc_feat_pillars, uniq_grinder
D:6:      lemuel_slime, serial_bayou_ford_a
D:7:      temple_hall, basic_altar, grunt_livestock
D:8:      lair_0_dummy, serial_shops, shop
D:9:      grunt_dithmenos_shadows, vehumet_statue, orc_0_dummy
Temple:   temple_eino_lava_8
Orc:1:    sword_in_stone
